[Event "Karnataka State Open-ch 2018"]
[Site "Bengaluru"]
[Date "2018.04.18"]
[Round "9"]
[White "Raghavendra, V.."]
[Black "Gavi, Siddayya"]
[Result "1/2-1/2"]
[ECO "C91"]
[WhiteElo "1898"]
[BlackElo "1993"]
[Annotator "NA RC"]
[PlyCount "121"]
[EventDate "2018.??.??"]
[EventType "swiss"]
[EventCountry "IND"]
[SourceTitle "playchess.com"]
[Source "ChessBase"]
[SourceQuality "1"]
[TimeControl "5400+30"]

1. e4 e5 2. Nf3 Nc6 3. Bb5 a6 4. Ba4 Nf6 5. O-O Be7 6. Re1 b5 7. Bb3 d6 8. c3 O-O 9. d4 Bg4 10. d5 Na5 11. Bc2 Qc8 12. h3 Bd7 13. Nbd2 c6 14. dxc6 Qxc6 15. Nf1 Nc4 16. Ng3 {[%emt 0:06:05] C91: Closed Ruy Lopez: 7...d6 8 c3 0-0 9 d4} g6 (16... Rfe8 17. b3 Nb6 18. Be3 Rab8 19. Rc1 Qxc3 20. Bd3 Qa5 21. Bd2 Qa3 22. Rc2 Rec8 23. Bc1 Qa5 {½-½ (60) Gashimov,V (2740)-Svidler,P (2750) Nice 2010}) 17. Nh2 Rfe8 18. Qf3 Be6 19. b3 $146 ({Predecessor:} 19. Ng4 Nxg4 20. hxg4 f6 21. Qe2 Rac8 22. a4 Ra8 23. Rd1 Red8 {½-½ (49) Bjornsson,S (2210)-Olsen,H (2270) Reykjavik 1998}) 19... Nb6 20. Bg5 Nbd7 21. Rac1 Rac8 22. Bd3 d5 23. Qe2 Nc5 24. Bb1 Nh5 25. Bxe7 Nf4 26. Qf3 Rxe7 27. Ng4 dxe4 28. Nxe4 Bxg4 29. hxg4 Nxe4 30. Bxe4 Qf6 31. g3 Nh3+ 32. Kg2 Qxf3+ 33. Bxf3 Ng5 34. Bd5 Rc5 35. c4 bxc4 36. Bxc4 Rec7 37. Rcd1 Kg7 38. Bxa6 Rc2 39. Rxe5 Rxa2 40. Rxg5 Rxa6 41. Rgd5 Rc3 42. R5d3 Rc2 43. R1d2 Rc1 44. Rb2 Rb6 45. b4 Rc4 46. b5 Rxg4 47. Rd5 Rc4 48. f4 h5 49. Rb3 h4 50. Kh3 hxg3 51. Kxg3 Kf6 52. Re5 Kg7 53. Kf3 Kf8 54. Ke3 f6 55. Re4 Rc5 56. Reb4 Ke7 57. Kd4 Kd6 58. Rb1 Rf5 59. Ke4 Kc5 $11 60. Kf3 g5 61. Kg4 1/2-1/2

[Event "Karnataka State Open-ch 2018"]
[Site "Bengaluru"]
[Date "2018.04.18"]
[Round "9"]
[White "Hardik, Jha"]
[Black "Ajitesh Kumara"]
[Result "1-0"]
[ECO "A05"]
[WhiteElo "1882"]
[BlackElo "1431"]
[Annotator "NA RC"]
[PlyCount "63"]
[EventDate "2018.??.??"]
[EventType "swiss"]
[EventCountry "IND"]
[SourceTitle "playchess.com"]
[Source "ChessBase"]
[SourceQuality "1"]
[TimeControl "5400+30"]

1. Nf3 Nf6 2. g3 g6 3. Bg2 Bg7 4. c4 O-O 5. Nc3 d6 6. O-O Nc6 7. d3 e5 8. Bd2 Ne8 9. Nd5 f5 10. Bc3 Ne7 11. Nd2 c6 12. Nxe7+ Qxe7 13. e3 Nf6 14. Qc2 Be6 15. Rae1 Rac8 16. f4 Nd7 17. Nf3 h6 18. b3 Bf7 19. e4 exf4 20. exf5 Qd8 21. fxg6 Bxg6 22. Bxg7 Kxg7 23. Qc3+ Kh7 24. Nh4 Ne5 25. d4 Nd3 26. Nxg6 Nxe1 27. Nxf8+ Qxf8 28. Qxe1 Re8 29. Qd2 Qe7 30. Qxf4 Qe3+ 31. Qxe3 Rxe3 32. Rf7+ 1-0

[Event "Karnataka State Open-ch 2018"]
[Site "Bengaluru"]
[Date "2018.04.18"]
[Round "9"]
[White "Rakshith Srinivasan"]
[Black "Likhit, Chilukuri"]
[Result "1-0"]
[ECO "B07"]
[WhiteElo "1597"]
[BlackElo "1988"]
[Annotator "NA RC"]
[PlyCount "57"]
[EventDate "2018.??.??"]
[EventType "swiss"]
[EventCountry "IND"]
[SourceTitle "playchess.com"]
[Source "ChessBase"]
[SourceQuality "1"]
[TimeControl "5400+30"]

1. e4 d6 2. d4 Nf6 3. Nc3 Nbd7 4. Nf3 e5 5. Bc4 Be7 6. O-O c6 7. a4 Qc7 8. h3 h6 9. Be3 Nf8 10. Qd2 g5 11. dxe5 dxe5 12. Rab1 a5 13. Qd3 Ng6 14. Ne2 Rg8 15. Qb3 Rg7 16. Bb6 Qb8 17. Ng3 g4 18. hxg4 Bxg4 19. Rbd1 h5 20. Ng5 Nh8 21. Nf3 Nd7 22. Rd3 h4 23. Ne2 Qc8 24. Kh1 Nxb6 25. Qxb6 Bxf3 26. Rxf3 Rxg2 27. Kxg2 Qg4+ 28. Kh2 Qxf3 29. Qxb7 1-0

[Event "Karnataka State Open-ch 2018"]
[Site "Bengaluru"]
[Date "2018.04.18"]
[Round "9"]
[White "Kalki Eshwar D"]
[Black "Balkishan, A.."]
[Result "0-1"]
[ECO "B24"]
[WhiteElo "1515"]
[BlackElo "2026"]
[Annotator "NA RC"]
[PlyCount "132"]
[EventDate "2018.??.??"]
[EventType "swiss"]
[EventCountry "IND"]
[SourceTitle "playchess.com"]
[Source "ChessBase"]
[SourceQuality "1"]
[TimeControl "5400+30"]

1. e4 c5 2. Nc3 Nc6 3. Bb5 Nd4 4. f4 g6 5. Nf3 Bg7 6. O-O a6 7. Bd3 Nc6 8. a4 d6 9. Qe1 Nf6 10. e5 dxe5 11. fxe5 Ng4 12. e6 Bxe6 13. Ng5 Qd6 14. Qh4 Nf6 15. Nxe6 Qxe6 16. Bc4 Qd6 17. Ne2 Nd4 18. Nxd4 Qxd4+ 19. Qxd4 cxd4 20. d3 h6 21. Bf4 O-O 22. a5 e6 23. Ra3 Rfd8 24. Bxh6 Bxh6 25. Rxf6 Kg7 26. Rf3 Rd7 27. Rb3 Be3+ 28. Kf1 Rh8 29. h3 Rh5 30. Ra3 Bc1 31. Ra2 Bd2 32. g4 Re5 33. Rf2 Bxa5 34. Re2 Rxe2 35. Kxe2 Bb4 36. Ra1 b5 37. Bb3 a5 38. Rf1 g5 39. h4 gxh4 40. Rh1 Rc7 41. Kd1 Be7 42. Re1 Kg6 43. Re5 Rc5 44. Rxc5 Bxc5 45. Ke2 Kg5 46. Kf3 a4 47. Ba2 Bb4 48. Bb1 Bd2 49. Ba2 Bc1 50. c4 dxc3 51. bxc3 Bd2 52. c4 b4 53. c5 b3 54. c6 Bf4 55. Bb1 a3 56. d4 a2 57. c7 Bxc7 58. Bxa2 bxa2 59. d5 a1=Q 60. d6 Bxd6 61. Ke4 Qa4+ 62. Kf3 Qd4 63. Kg2 Qe3 64. Kh1 Qe2 65. Kg1 Kxg4 66. Kh1 Qh2# 0-1

[Event "Karnataka State Open-ch 2018"]
[Site "Bengaluru"]
[Date "2018.04.18"]
[Round "9"]
[White "Samith Reddy I"]
[Black "Sameer, Ghotane"]
[Result "1/2-1/2"]
[ECO "B22"]
[WhiteElo "1480"]
[BlackElo "1881"]
[Annotator "NA RC"]
[PlyCount "136"]
[EventDate "2018.??.??"]
[EventType "swiss"]
[EventCountry "IND"]
[SourceTitle "playchess.com"]
[Source "ChessBase"]
[SourceQuality "1"]
[TimeControl "5400+30"]

1. e4 c5 2. c3 g6 3. d4 cxd4 4. cxd4 d5 5. exd5 Nf6 6. Nc3 Bg7 7. Nf3 O-O 8. Bc4 Nbd7 9. O-O Nb6 10. Bb3 Nbxd5 11. Be3 b6 12. Qd2 Bb7 13. Nxd5 Bxd5 14. Bxd5 Qxd5 15. b3 Rfd8 16. Rac1 Ne4 17. Qb2 Nd6 18. h3 Nf5 19. Rfd1 Nxe3 20. fxe3 Qe4 21. Kf2 Bh6 22. Qe2 Rac8 23. Nd2 Qf5+ 24. Nf3 Qa5 25. Ne5 Bg7 26. Nc6 Qa3 27. Rc2 Re8 28. Rdc1 Rc7 29. Qb5 Rf8 30. Qb4 Qxb4 31. Nxb4 Rd7 32. Rc7 Rfd8 33. R1c6 f5 34. Kf3 e5 35. dxe5 Bxe5 36. Rxd7 Rxd7 37. Rc8+ Kg7 38. Nc6 Bf6 39. Ra8 a5 40. Rb8 h5 41. Rxb6 Rd2 42. Nxa5 Rxa2 43. Nc4 g5 44. g4 fxg4+ 45. hxg4 h4 46. Nd6 Be5 47. Nf5+ Kf7 48. Rb7+ Kf8 49. b4 h3 50. Rh7 h2 51. Ng3 Rb2 52. b5 Kg8 53. Rh5 Kf7 54. b6 Kg6 55. b7 Kf7 56. Rh7+ Ke6 57. Rh6+ Kd7 58. Rh7+ Kc6 59. Ne4 Bc7 60. Nf2 Kxb7 61. Rh8 Be5 62. Rh7+ Kc6 63. Nd3 Rb5 64. Nxe5+ Rxe5 65. Rxh2 Kd5 66. Rd2+ Ke6 67. Ra2 Rb5 68. Ra6+ Kf7 1/2-1/2

[Event "Karnataka State Open-ch 2018"]
[Site "Bengaluru"]
[Date "2018.04.18"]
[Round "9"]
[White "Shriya R Revankar"]
[Black "Sanjay Sindhia, MH."]
[Result "0-1"]
[ECO "B23"]
[WhiteElo "1472"]
[BlackElo "1761"]
[Annotator "NA RC"]
[PlyCount "62"]
[EventDate "2018.??.??"]
[EventType "swiss"]
[EventCountry "IND"]
[SourceTitle "playchess.com"]
[Source "ChessBase"]
[SourceQuality "1"]
[TimeControl "5400+30"]

1. e4 c5 2. Nc3 a6 3. g3 b5 4. Bg2 Bb7 5. d3 e6 6. f4 f5 7. Qe2 b4 8. Nd1 Nc6 9. Nf3 fxe4 10. dxe4 a5 11. e5 Nh6 12. Be3 Nf5 13. Qf2 Rc8 14. O-O Ba6 15. Re1 Ncd4 16. g4 Nxe3 17. Nxe3 Be7 18. Bf1 Bb7 19. Nxd4 cxd4 20. Nc4 O-O 21. Red1 Bc5 22. Bd3 Qc7 23. h3 Qc6 24. Kh2 Rxf4 25. Qe2 Rcf8 26. Rf1 Qd5 27. Rxf4 Rxf4 28. Rf1 g5 29. Nd2 Rxf1 30. Nxf1 Qh1+ 31. Kg3 Qg1+ 0-1

[Event "Karnataka State Open-ch 2018"]
[Site "Bengaluru"]
[Date "2018.04.18"]
[Round "9"]
[White "Arnav, Muralidhar"]
[Black "Parthasarathy, R."]
[Result "0-1"]
[ECO "C28"]
[WhiteElo "1410"]
[BlackElo "1926"]
[Annotator "NA"]
[PlyCount "122"]
[EventDate "2018.??.??"]
[EventType "swiss"]
[EventCountry "IND"]
[SourceTitle "playchess.com"]
[Source "ChessBase"]
[SourceQuality "1"]
[TimeControl "5400+30"]

1. e4 e5 2. Bc4 Nf6 3. Nc3 Nc6 4. d3 Na5 5. Nge2 c6 6. Bg5 {[%emt 0:02:04] C28: Vienna Game: 2...Nf6 3 Bc4 Nc6} (6. O-O Be7 7. a4 Nxc4 8. dxc4 d6 9. b3 O-O 10. Ng3 h6 11. h3 Be6 12. Qf3 Qa5 13. Rd1 Rfd8 14. Ba3 {½-½ (23) Vavulin,M (2604)-Movsesian,S (2679) Moscow 2017}) 6... b5 7. Bb3 Be7 8. O-O b4 9. Nb1 Nxb3 10. axb3 d5 11. Nd2 O-O $146 ({Find the theoretical novelty and annotate with similar games:} 11... Qb6 12. Be3 Qb7 13. Nf3 Bd6 {1-0 (47) Macek,K (1930)-Zlamal,F (1920) Prague 2006}) 12. Ng3 h6 13. Bxf6 Bxf6 14. Nf3 Qb6 15. Qe2 g6 16. Qe3 Qxe3 17. fxe3 Bg4 18. Ra4 Bxf3 19. Rxf3 Be7 20. Ra6 Rfc8 21. Kf2 Bc5 22. Rf6 Bb6 23. Ke2 Rab8 24. Rd6 Kf8 25. Rf6 Ke7 26. Rf3 Rb7 27. Nh1 h5 28. Nf2 Ke6 29. g4 hxg4 30. Nxg4 f5 31. Nf2 Rh7 32. h3 dxe4 33. dxe4 Rd8 34. Rg3 Kf6 35. Ra1 Rhd7 36. Rd1 f4 37. Rf3 Rxd1 38. Nxd1 g5 39. Nf2 Ke6 40. Ng4 Rh8 41. exf4 gxf4 42. Rd3 a5 43. Nh2 Be3 44. Nf1 Bc1 45. Nd2 Bxb2 46. Nc4 Bd4 47. Nxa5 c5 48. Nc6 Rg8 49. Nxd4+ cxd4 50. Kf2 Rc8 51. Rd2 Rc3 52. Kg2 Re3 53. Kh2 Rxe4 54. Rg2 f3 55. Rg3 Re2+ 56. Kg1 e4 57. h4 Rxc2 58. h5 Rg2+ 59. Kh1 Rxg3 60. h6 f2 61. h7 f1=Q+ 0-1

[Event "Karnataka State Open-ch 2018"]
[Site "Bengaluru"]
[Date "2018.04.18"]
[Round "9"]
[White "Rakesh, N."]
[Black "Santoshkashyap, HG."]
[Result "0-1"]
[ECO "B17"]
[WhiteElo "1359"]
[BlackElo "1929"]
[Annotator "NA RC"]
[PlyCount "46"]
[EventDate "2018.??.??"]
[EventType "swiss"]
[EventCountry "IND"]
[SourceTitle "playchess.com"]
[Source "ChessBase"]
[SourceQuality "1"]
[TimeControl "5400+30"]

1. e4 c6 2. d4 d5 3. Nc3 dxe4 4. Nxe4 Nd7 5. Nf3 Ngf6 6. Nxf6+ Nxf6 7. h3 Bf5 8. Bd3 e6 9. O-O Bxd3 10. Qxd3 Bd6 11. b3 O-O 12. c4 Qc7 13. Bg5 Be7 14. Rad1 Rad8 15. Rfe1 h6 16. Bh4 c5 17. Qc2 cxd4 18. Nxd4 a6 19. Nf3 Qa5 20. a4 Rfe8 21. Nd4 Rxd4 22. Rxd4 Qxe1+ 23. Kh2 Qe5+ 0-1

[Event "Karnataka State Open-ch 2018"]
[Site "Bengaluru"]
[Date "2018.04.18"]
[Round "10"]
[White "Gavi, Siddayya"]
[Black "Rakshith Srinivasan"]
[Result "1-0"]
[ECO "C91"]
[WhiteElo "1993"]
[BlackElo "1597"]
[Annotator "NA RC"]
[PlyCount "131"]
[EventDate "2018.??.??"]
[EventType "swiss"]
[EventCountry "IND"]
[SourceTitle "playchess.com"]
[Source "ChessBase"]
[SourceQuality "1"]
[TimeControl "5400+30"]

1. e4 e5 2. Nf3 Nc6 3. Bb5 a6 4. Ba4 Nf6 5. O-O Be7 6. Re1 b5 7. Bb3 d6 8. c3 O-O 9. d4 Bg4 10. d5 Na5 11. Bc2 {[%emt 0:00:10] LiveBook: 1182 Games} c6 12. dxc6 Nxc6 13. h3 Bh5 14. Bg5 Qc7 15. Nbd2 Rfd8 16. Bxf6 Bxf6 17. Nf1 Bxf3 18. Qxf3 Bg5 19. Bb3 Na5 20. Bd5 Ra7 21. Rad1 Bf4 22. Rd3 Nc4 23. Qe2 Qc5 24. Red1 Rad7 25. Ng3 g6 26. Qc2 Bxg3 27. Rxg3 Nb6 28. Qb3 Nxd5 29. Rxd5 Qc6 30. Rgd3 Kg7 31. Rd2 h6 32. Qc2 Qc4 33. b3 Qc7 34. Qd3 (34. c4 $16) 34... Kf8 (34... Rc8 $14) 35. Rc2 f6 ({Black should try} 35... Rc8 $14) 36. c4 bxc4 37. Rxc4 Qb6 38. Qc3 Ke7 39. Rc6 Qb7 40. Qc4 Ra8 41. Ra5 h5 42. b4 ({Don't do} 42. Raxa6 $6 Rxa6 43. Rxa6 Rc7 $16) 42... Rb8 43. a3 Ra8 44. Raxa6 Rxa6 45. Qxa6 Qb8 $2 (45... Qxa6 46. Rxa6 Rc7) 46. Rc8 Qa7 47. Qxa7 Rxa7 48. Rc3 f5 {[%emt 0:00:11] [#]} 49. f3 $1 d5 50. exd5 Kd6 51. Kf2 Kxd5 52. Ke3 g5 53. Kd3 Ra8 {[%emt 0:04:46] [#]} 54. b5 $1 Ra7 55. g4 hxg4 56. hxg4 e4+ 57. fxe4+ fxe4+ 58. Ke3 Rh7 59. b6 $2 (59. a4 $18) 59... Rh3+ 60. Kd2 Rh2+ 61. Kc1 Kd4 $2 62. Rc8 $18 e3 63. b7 e2 64. Kd2 e1=Q+ 65. Kxe1 Ke3 66. Re8+ 1-0

[Event "Karnataka State Open-ch 2018"]
[Site "Bengaluru"]
[Date "2018.04.18"]
[Round "10"]
[White "Santoshkashyap, HG."]
[Black "Chirag Mudraje"]
[Result "1-0"]
[ECO "D37"]
[WhiteElo "1929"]
[BlackElo "1641"]
[Annotator "NA RC"]
[PlyCount "73"]
[EventDate "2018.??.??"]
[EventType "swiss"]
[EventCountry "IND"]
[SourceTitle "playchess.com"]
[Source "ChessBase"]
[SourceQuality "1"]
[TimeControl "5400+30"]

1. d4 Nf6 2. Nf3 d5 3. c4 e6 4. Nc3 Be7 5. Bf4 Nbd7 6. e3 b6 {[%emt 0:06:31] [#]} (6... O-O $11) 7. cxd5 $1 exd5 8. Bd3 ({Better is} 8. Qa4 $16) 8... Bb7 (8... O-O $14) 9. O-O (9. Nb5 $16 O-O 10. Bxc7 (10. Nxc7 Rc8 $16) 10... Bb4+ 11. Ke2) 9... O-O 10. Rc1 c5 11. Ne5 Nxe5 {[%emt 0:09:05] LiveBook: 3 Games} 12. Bxe5 {[%emt 0:09:21] D37: Queen's Gambit Declined: 5 Bf4} (12. dxe5 Ne4 13. Nxe4 dxe4 14. Bc4 Qxd1 15. Rfxd1 Rfd8 16. e6 fxe6 17. Bxe6+ Kf8 18. Bc7 Rd3 19. Bc4 Rxd1+ 20. Rxd1 {1-0 (55) Pavlovic,M (2569)-Jakovenko,D (2564) Dos Hermanas 2004}) 12... g6 (12... c4 $5 13. Bc2 Qd7 $11) 13. Qf3 Ne8 ({Black should try} 13... Rc8 $14) 14. Rfd1 $146 ({Predecessor:} 14. g4 f6 15. Bg3 Ng7 16. e4 dxe4 17. Bxe4 Bxe4 18. Qxe4 {0-1 (34) Winter,K-Mueller,M (2300) Dresden 1993}) 14... Bf6 15. Bc4 cxd4 16. exd4 Bg5 17. Rb1 ({Much worse is} 17. Nxd5 Rc8 $15) 17... Rc8 18. Bb3 Nc7 19. g3 Ba8 (19... Bh6 $14) 20. h4 Be7 21. Rbc1 a6 $2 {[%emt 0:06:25] [#]} (21... Bd6 $16) 22. Na4 $1 Bd6 23. Nxb6 Rb8 24. Nxa8 ({Don't do} 24. Nxd5 $6 Nxd5 25. Bxd5 Bxd5 $16) 24... Rxa8 25. Rc6 Bxe5 26. dxe5 d4 $2 (26... Rb8 27. h5 Qd7) 27. Rd6 (27. h5 $142 gxh5 28. Qxh5) 27... Qe7 28. R6xd4 Qxe5 29. Rd7 Ne6 {[%emt 0:00:55] [#]} 30. Rxf7 $1 Rxf7 31. Qxa8+ Kg7 32. Qd5 Qxb2 $2 (32... Qxd5 {was called for.} 33. Rxd5 Rc7) 33. Qxe6 Qxf2+ 34. Kh1 Qf3+ 35. Kh2 Qf2+ 36. Kh3 Rf3 37. Rd7+ 1-0

[Event "Karnataka State Open-ch 2018"]
[Site "Bengaluru"]
[Date "2018.04.18"]
[Round "10"]
[White "Sudarshan Bhat"]
[Black "Arhan, Chethan Anand"]
[Result "1-0"]
[ECO "C54"]
[WhiteElo "1892"]
[BlackElo "1526"]
[Annotator "NA RC"]
[PlyCount "129"]
[EventDate "2018.??.??"]
[EventType "swiss"]
[EventCountry "IND"]
[SourceTitle "playchess.com"]
[Source "ChessBase"]
[SourceQuality "1"]
[TimeControl "5400+30"]

1. e4 e5 2. Nf3 Nc6 3. Bc4 Bc5 4. c3 Nf6 5. d3 O-O 6. Bb3 d6 7. Bg5 {[%emt 0:00:31] LiveBook: 40 Games C54: Giuoco Piano: 4 c3 Nf6, main lines with 5 d4 and 5 d3} (7. h3 a6 8. Nbd2 Be6 9. Bc2 d5 10. Qe2 h6 11. g4 Nh7 12. Rg1 d4 13. Nb3 Be7 14. Nxe5 Nxe5 15. Nxd4 c5 16. Nf5 Kh8 {1-0 (35) Duda,J (2678)-Eljanov,P (2741) Germany 2017}) 7... Bg4 8. Nbd2 Qe7 9. h3 Bh5 10. Nf1 $146 ({Predecessor:} 10. g4 Bg6 11. Nf1 Nd8 12. Ne3 c6 13. Nf5 Bxf5 14. gxf5 g6 {½-½ (51) Ungure,L (2019)-Otikova,E (1939) Riga 2014}) 10... Nd8 11. Ng3 Bg6 12. Nh4 Ne6 {[%emt 0:02:24] [#]} 13. Nhf5 $1 Qd8 {[%emt 0:01:09] [#]} 14. h4 (14. Bh4 $1 $16) 14... h6 15. Bxf6 Qxf6 16. Qf3 Nf4 17. h5 Bh7 (17... Bxf5 $5 18. Nxf5 Ne6 $11) 18. Rh4 Ne6 19. Rg4 Ng5 20. Qe2 Bxf5 (20... Rae8 $11) 21. Nxf5 c6 {[%emt 0:01:47] [#]} (21... a5 $14) 22. O-O-O (22. g3 $1 $18) 22... Kh8 (22... Rae8 $14) 23. Rf1 (23. d4 $16 exd4 24. f4 (24. cxd4 Bb6 $14) (24. Nxd4 Rfe8 $11)) 23... g6 $2 ({Black should play} 23... d5 $14) 24. f4 exf4 $2 (24... gxf5 {might work better.} 25. fxg5 hxg5) 25. hxg6 fxg6 26. Nxh6 Kg7 27. Rgxf4 Qxf4+ 28. Rxf4 Rxf4 29. Ng4 Rh8 {[%emt 0:01:02] [#]} 30. g3 ({Better is} 30. Bd1 $1) 30... Rh1+ 31. Kc2 Rff1 32. d4 $1 Rc1+ 33. Kd3 Bb6 $2 (33... d5 {is more resistant.}) 34. Qe3 $2 (34. Ne3 $18 {is the precise move to win.}) 34... Bd8 (34... Nf7 $16) 35. Qf4 Be7 {[%emt 0:00:37] [#]} 36. Ne3 $1 Rcg1 37. Qg4 d5 $2 (37... Rh7 38. a3 a6) 38. exd5 Bf6 39. dxc6 bxc6 40. Qd7+ Kf8 41. Qd6+ Kg7 42. Qxc6 Rh8 43. Qd7+ Kf8 44. Qd6+ Kg7 45. Ng4 (45. Qc7+ $142 Kf8 46. Qb8+ Kg7 47. Qxa7+ Kf8 48. Qc7) 45... Rf8 (45... Rxg3+ $142 46. Kc4 Rf3) 46. Nxf6 Rxf6 47. Qe7+ Nf7 48. Bxf7 Rxf7 49. Qe5+ Kh7 50. g4 Rxg4 51. d5 Rf5 52. Qe7+ Kh6 53. Qe3+ Kg7 54. Qxa7+ Kh6 55. Qe3+ Kg7 56. Qe7+ Kh6 57. d6 Rd5+ 58. Ke3 Rh5 $2 (58... Rg3+ 59. Ke4 Rgd3 60. Qf8+ Kh5 61. Qh8+ Kg5) 59. d7 Rh3+ 60. Kf2 Rf4+ 61. Kg2 Rd3 62. d8=Q Rxd8 63. Qxd8 Rg4+ 64. Kf3 Rg5 65. Qh8# 1-0

[Event "Karnataka State Open-ch 2018"]
[Site "Bengaluru"]
[Date "2018.04.18"]
[Round "10"]
[White "Sameer, Ghotane"]
[Black "Nitish Bhat"]
[Result "1/2-1/2"]
[ECO "E94"]
[WhiteElo "1881"]
[BlackElo "1637"]
[Annotator "NA RC"]
[PlyCount "170"]
[EventDate "2018.??.??"]
[EventType "swiss"]
[EventCountry "IND"]
[SourceTitle "playchess.com"]
[Source "ChessBase"]
[SourceQuality "1"]
[TimeControl "5400+30"]

1. d4 Nf6 2. c4 g6 3. Nc3 Bg7 4. Nf3 d6 5. e4 O-O 6. Be2 e5 7. O-O Nbd7 {[%emt 0:01:26] LiveBook: 5018 Games} 8. Be3 a5 9. dxe5 dxe5 10. Nd2 {[%emt 0:00:20] E94: King's Indian: Classical: 6 Be2 e5 7 0-0: Various Black 7th moves} (10. h3 c6 11. Qc2 Qe7 12. Na4 Nh5 13. c5 Nf4 14. Rad1 f5 15. Bxf4 exf4 16. exf5 Rxf5 17. Bd3 Rh5 {1-0 (32) Zhou,J (2609)-Sasikiran,K (2720) Zaozhuang 2012}) 10... c6 11. Rc1 $146 ({Predecessor:} 11. Qc2 Qe7 12. Na4 Ne8 13. c5 Nc7 14. Bc4 Kh8 15. Rfd1 f5 16. f3 Nf6 17. Nb6 Rb8 18. Rac1 fxe4 19. Nxe4 Nxe4 20. fxe4 Bg4 21. Rd6 {½-½ (21) Stanojevic,B (2247)-Bogic,S (2199) Kac 2014}) 11... Qe7 12. c5 Rd8 $1 13. Qc2 ({Better is} 13. Na4 $11) 13... Nxc5 14. Nd5 (14. Rfd1 $15) 14... cxd5 15. Bxc5 Qe8 (15... Qe6 $17 16. Qb3 dxe4) 16. exd5 $2 (16. Bb6 $11) 16... Nxd5 17. Rfd1 b6 18. Ba3 Bf5 19. Qb3 a4 20. Qb5 Qxb5 21. Bxb5 Ra5 (21... Bh6 $19 {is more deadly.} 22. h3 {[#]} Ne3 $1 23. fxe3 Bxe3+ 24. Kf1 Bxd2) 22. Bc6 Nf4 (22... Bh6 $17 23. Nc4 Bxc1 24. Nxa5 bxa5 25. Rxc1 Nf4) 23. Nc4 Rc8 24. Nxb6 (24. Bb7 $11 Ne2+ 25. Kf1 Nxc1 26. Bxc8 Bd3+ 27. Ke1 Bxc4 28. Rd8+ Bf8 29. Bxf8) 24... Rb8 25. Rc4 Ne2+ 26. Kh1 (26. Kf1 $5 Nd4 27. Bd7 $11) 26... Nd4 27. Nd5 Be6 28. Rb4 {[%emt 0:08:23] [#]} Rxb4 $1 ({Avoid the trap} 28... Nxc6 $2 {[#]} 29. Ne7+ $1 Kh8 30. Rxb8+ Nxb8 31. Rd8+ Bf8 32. Rxf8+ Kg7 33. Rxb8 $18) 29. Nxb4 Bf8 30. Be4 Rb5 31. Nd3 (31. Nc6 $17 {is a better defense.}) 31... Bxa3 32. bxa3 f5 ({Don't take} 32... Bxa2 33. Nb4) 33. Ba8 Bxa2 34. h4 Nc2 (34... Bb3 $19 {has better winning chances.} 35. Rc1 Nc2) 35. Bc6 Ra5 36. Nb4 Bb3 37. Nxc2 Bxc2 38. Rd7 Bb3 39. f3 Rc5 40. Bb7 Rc1+ 41. Kh2 Rc3 42. h5 gxh5 43. Kg3 e4 $2 (43... Kf8 $19 44. Kh4 h6 45. Kxh5 Be6) 44. Kf4 $1 e3 45. Kxf5 $2 {[%emt 0:01:56] [#]} (45. Re7 $15) 45... Kf8 $2 (45... Bc4 $1 $19 46. Be4 Bb5) 46. Ba6 $2 (46. Kf6 $11 {and White has nothing to worry.} Ke8 47. Rxh7) 46... Rc6 47. Ra7 {[%emt 0:02:37] [#]} (47. Ke4 $142 Re6+ 48. Kd4) 47... Bd1 $2 (47... Rxa6 $1 48. Rxa6 e2 49. Ra8+ Ke7 50. Ra7+ Ke8 51. Ra8+ Ke7 52. Ra7+ Kd6 53. Ra6+ Ke7 54. Ra7+) 48. Bb5 (48. Ra8+ $142 Ke7 49. Kf4) 48... Bc2+ $2 ({Black should play} 48... e2 $19 49. Bxe2 Bxe2 50. Rxa4 Rg6) 49. Kf4 Re6 50. Be2 h4 51. Rc7 Bd1 52. Bxd1 e2 53. Bxe2 Rxe2 54. Rxh7 Rxg2 55. Kf5 Ra2 56. f4 $1 Rxa3 57. Rxh4 Ra1 58. Kf6 Kg8 59. f5 a3 60. Rg4+ Kf8 61. Ra4 Kg8 62. Ra8+ Kh7 63. Kf7 Rb1 64. Rxa3 Rb7+ 65. Kf6 Rb6+ 66. Kg5 Kg8 67. Re3 Kf7 68. Rh3 Kg7 69. Rh1 Ra6 ({Better is} 69... Rb2 $11) 70. Rb1 Kf8 71. Rb8+ Kg7 72. Rc8 Rb6 73. Rd8 Ra6 74. Re8 Kf7 75. Rh8 Kg7 76. Re8 Kf7 77. Rb8 Rc6 78. Rb7+ Kf8 79. Kf4 $11 Ra6 80. Ke5 Ra5+ 81. Kf6 Ra6+ 82. Kg5 Rc6 83. Rb8+ Kf7 84. Rb7+ Kf8 85. f6 Rc1 1/2-1/2

[Event "Karnataka State Open-ch 2018"]
[Site "Bengaluru"]
[Date "2018.04.18"]
[Round "10"]
[White "Sanjay Sindhia, MH."]
[Black "Raducanu, Andrei-Augustin"]
[Result "0-1"]
[ECO "A80"]
[WhiteElo "1761"]
[BlackElo "2063"]
[Annotator "NA RC"]
[PlyCount "118"]
[EventDate "2018.??.??"]
[EventType "swiss"]
[EventCountry "IND"]
[SourceTitle "playchess.com"]
[Source "ChessBase"]
[SourceQuality "1"]
[TimeControl "5400+30"]

1. d4 f5 2. Nc3 g6 3. e4 fxe4 4. Nxe4 Bg7 5. Nf3 Nf6 {[%emt 0:01:00] A82: Dutch Defence: Staunton Gambit} (5... d5 6. Nc5 b6 7. Nd3 Nf6 8. Be2 c5 9. dxc5 bxc5 10. c4 O-O 11. O-O Na6 12. cxd5 Qxd5 13. Nde5 e6 14. Qa4 Nc7 15. Be3 Ne4 16. Nc6 {1-0 (16) Atalik,S (2545)-Ugrcic,Z (2030) Belgrade 2017}) 6. Ng3 e6 (6... d5 $14) 7. Bd3 Nc6 8. c3 $146 ({Find the theoretical novelty and annotate with similar games:} 8. h4 O-O 9. h5 Qe8 10. hxg6 hxg6 11. Qe2 Nd5 12. c3 Nce7 13. Bd2 {1-0 (32) Molnar,P (2261)-Jusko,J (1856) Kosice 2010}) 8... Qe7 9. O-O b6 10. Re1 Bb7 11. Bg5 O-O 12. Qc2 Qf7 13. h4 Nd5 {[%emt 0:08:43] [#]} (13... Ne7 $16 {was called for.}) 14. h5 $1 Nce7 15. Bxe7 (15. Ne5 $18 Bxe5 16. dxe5 (16. Rxe5 Kh8 $16)) 15... Nxe7 16. hxg6 hxg6 (16... Nxg6 $11 {keeps the balance.} 17. Be4 Bxe4 18. Qxe4 (18. Nxe4 Nf4 $11) 18... Nf4) 17. Be4 c6 18. Rad1 Nf5 19. Nf1 d5 20. Bd3 Bf6 21. N1h2 Kg7 (21... Rae8 $16 22. Ng4 Qh7 23. Nxf6+ Rxf6) 22. Ng4 Rae8 23. Qc1 Rh8 24. Ng5 (24. g3 $142) 24... Bxg5 $1 25. Qxg5 Rh5 $1 26. Qf4 Nh6 $1 27. Qxf7+ Nxf7 28. f3 Bc8 29. f4 Rh4 30. Ne5 Nxe5 31. fxe5 c5 32. Be2 Rf8 33. g3 Re4 34. Kg2 Re3 35. Bg4 Rxe1 36. Rxe1 Kh6 37. Rh1+ Kg5 (37... Kg7 $1 $11 {keeps the balance.}) 38. Be2 c4 (38... Rf7 $16) 39. Bd1 (39. Rh7 $18 {is more deadly.}) 39... b5 (39... Rf7 $16) 40. a3 ({White should try} 40. Rh7 $18) 40... a5 41. Rh7 b4 42. axb4 (42. Rg7 $18) 42... axb4 43. Ba4 ({White should try} 43. cxb4 $18 Ba6 44. Bc2) 43... b3 {[%emt 0:00:27] [#]} 44. Bb5 $1 ({Only move:} 44. Ra7 $1 $16) 44... Kf5 45. Kf3 Kg5+ 46. Kg2 Kf5 47. Kf3 g5 $2 48. Rh6 $2 (48. Rg7 {mates} g4+ 49. Rxg4 Rf6 50. exf6 Kxf6 51. Rg8 Bd7 52. Bxd7 Ke7 53. Bb5) 48... g4+ 49. Kg2 $2 {[%emt 0:00:42] [#]} (49. Ke3 $11) 49... Ke4 $1 50. Rf6 Rh8 51. Rf4+ Kd3 52. Rf2 Ke3 53. Rf4 Kd2 54. Rf2+ Kc1 55. Bc6 Rd8 56. Bb5 Bd7 57. Bxd7 Rxd7 58. Rf6 Kxb2 59. Rxe6 Rb7 $19 0-1